 Dungeon Crawl Stone Soup version 0.18.1-50-g88ac8fd (webtiles) character file.

68 raph the Grave Robber (level 4, -1/35 HPs)
             Began as a Hill Orc Necromancer on Oct 1, 2016.
             Slain by a kobold
             ... wielding a +0 short sword
              (2 damage)
             ... on level 1 of the Dungeon.
             The game lasted 00:05:10 (2279 turns).

raph the Grave Robber (Hill Orc Necromancer)        Turns: 2279, Time: 00:05:11

Health: -1/35      AC:  3    Str: 10    XL:     4   Next: 19%
Magic:  0/6        EV: 11    Int: 16    God:
Gold:   57         SH:  0    Dex: 11    Spells: 3 memorised, 1 level left

rFire  . . .     SeeInvis +     f - +0 dagger
rCold  . . .     Gourm    .     q - +0 leather armour
rNeg   . . .     Faith    .     (no shield)
rPois  .         Spirit   .     (no helmet)
rElec  .         Dismiss  .     (no cloak)
rCorr  .         Reflect  .     (no gloves)
SustAt .         Harm     .     (no boots)
MR     .....                    (no amulet)
Stlth  +.........               s - ring of loudness (curse)
                                d - ring of see invisible

@: very slightly contaminated, not resistant to hostile enchantments, very
unstealthy
A: no striking features
a: no special abilities


You were on level 1 of the Dungeon.
You were not hungry.

You visited 1 branch of the dungeon, and saw 2 of its levels.

You collected 57 gold pieces.

Inventory:

Hand Weapons
 f - a +0 dagger (weapon)
Armour
 a - a +0 robe
 q - a +0 leather armour (worn)
Jewellery
 d - a ring of see invisible (left hand)
 s - a cursed ring of loudness (right hand)
Scrolls
 n - a scroll of enchant weapon {unknown}
 p - a scroll of enchant armour {unknown}
Potions
 i - a potion of brilliance
 k - a potion of agility {unknown}
Books
 b - a book of Necromancy

   Spells                             Type                      Level
   a - Pain                           Necromancy                   1
   b - Animate Skeleton               Necromancy                   1
   c - Vampiric Draining              Necromancy                   3
   d - Regeneration                   Charms/Necromancy            3
   e - Animate Dead                   Necromancy                   4
   f - Control Undead                 Necromancy                   4
Comestibles
 c - 2 bread rations
 j - a meat ration
 r - a beef jerky


   Skills:
 + Level 1.0 Fighting
 + Level 1.9 Dodging
 + Level 2.4 Stealth
 + Level 1.9 Spellcasting
 + Level 0.8 Charms
 * Level 4.3 Necromancy


You had one spell level left.
You knew the following spells:

 Your Spells              Type           Power        Failure   Level  Hunger
a - Pain                  Necr           ###.         6%          1    #......
b - Animate Skeleton      Necr           N/A          6%          1    #......
c - Regeneration          Chrm/Necr      #.........   30%         3    ###....


Dungeon Overview and Level Annotations

Branches:
Dungeon (2/15)

Altars:


Message History

Confirm with . or Enter, or press ? or * to list all spells.
Aiming: Pain
Press: ? - help, Shift-Dir - straight line, f/p - kobold
Aim: a kobold, wielding a dagger (moderately wounded, chance to defeat MR: 92%)
The kobold convulses in agony!
You kill the kobold!
Casting: Pain
Confirm with . or Enter, or press ? or * to list all spells.
Aiming: Pain
Press: ? - help, Shift-Dir - straight line, f - kobold
Aim: a kobold, wielding a short sword (chance to defeat MR: 92%)
The kobold barely resists.
The kobold hits you with a short sword.
* * * LOW HITPOINT WARNING * * *
Casting: Pain
Confirm with . or Enter, or press ? or * to list all spells.
Aiming: Pain
Press: ? - help, Shift-Dir - straight line, f/p - kobold
Aim: a kobold, wielding a short sword (chance to defeat MR: 92%)
The kobold convulses in agony!
The kobold hits you with a short sword.
You die...

.# ##..#..###...###.#..#####...
.#####...........................
..................###.#..######..
.........#..###.#................
#####............................
# #.#..#..###.##....#.####..#.. #
#.#..#..# #.##..).#.#####.#..
#####.#..#..###.##...............
................@K(..)...........
........#############..)######..#
......###ZZZ........###..........
.######ZZ.###...###...#####.##..#
.# ##...####.....####...###.###.#
.###..#####...>...#####..##......
###..## ##.........## ##..##.....
##..## ##...........## ##..####K.
#..## ##......#......## ##..###..


You could see a kobold.

Vanquished Creatures
  An adder (D:1)
  2 oozes (D:1)
  A dart slug (D:1)
  3 giant geckos (D:1)
  3 bats
  2 giant cockroaches (D:1)
  7 goblins
  4 hobgoblins
  4 jackals (D:1)
  3 giant newts
  6 kobolds (D:1)
  7 rats
43 creatures vanquished.

Vanquished Creatures (collateral kills)
  A kobold (D:1)
1 creature vanquished.

Vanquished Creatures (others)
  A jackal (D:2)
1 creature vanquished.

Grand Total: 45 creatures vanquished

Notes
Turn   | Place    | Note
--------------------------------------------------------------
     0 | D:1      | raph the Hill Orc Necromancer began the quest for the Orb.
     0 | D:1      | Reached XP level 1. HP: 14/14 MP: 3/3
    58 | D:1      | Reached XP level 2. HP: 4/20 MP: 0/4
    61 | D:1      | Learned a level 1 spell: Animate Skeleton
   800 | D:1      | Reached XP level 3. HP: 23/26 MP: 1/5
   926 | D:1      | Learned a level 3 spell: Regeneration
  1743 | D:2      | Reached XP level 4. HP: 13/34 MP: 0/6
  1989 | D:1      | Reached skill level 1 in Fighting
  2277 | D:1      | HP: 1/35 [kobold/short sword (2)]
  2279 | D:1      | Slain by a kobold

Skill      XL: |  1  2  3  4 |
---------------+-------------+-----
Stealth        | 2 |  2.4
Fighting       | 1 |  1.0
Dodging        | |  1.9
Spellcasting   | |  1.9
Charms         | |  0.8
Necromancy     | |  4.3

Action                   |  1- 3 |  4- 6 || total
-------------------------+-------+-------++-------
Melee: Unarmed           |     3 |       ||     3
       Dagger            |    19 |    10 ||    29
 Cast: Pain              |    59 |    15 ||    74
       Animate Skeleton  |    11 |     5 ||    16
       Regeneration      |       |     1 ||     1
  Use: Scroll            |       |     5 ||     5
 Stab: Distracted        |     1 |       ||     1
  Eat: Chunk             |     3 |     3 ||     6
Armor: Robe              |    10 |       ||    10
       Leather armour    |       |    10 ||    10
Dodge: Dodged            |    24 |    23 ||    47
